 Dungeon Crawl Stone Soup version 0.19-a0-1057-g15bb84d (webtiles) character file.

98747 mopl the Swashbuckler (level 15, 2/138 HPs)
             Began as a Deep Elf Berserker on Aug 2, 2016.
             Was a High Priest of Trog.
             Quit the game on level 14 of the Dungeon.
             The game lasted 01:40:23 (37789 turns).

mopl the Swashbuckler (Deep Elf Berserker)         Turns: 37789, Time: 01:40:23

Health: 2/138      AC:  6    Str: 18    XL:     15   Next: 75%
Magic:  8/24       EV: 22    Int: 14    God:    Trog [*****.]
Gold:   584        SH:  6    Dex: 22    Spells: 0 memorised, 14 levels left

rFire  + . .     SeeInvis +     a - +4 scimitar of Lakerit {venom, +Inv Str-3 SInv Stlth+}
rCold  + . .     Gourm    .     V - +2 robe {rC+ rF+}
rNeg   . . .     Faith    .     e - +0 buckler
rPois  .         Spirit   +     H - +0 hat {Spirit}
rElec  .         Dismiss  .     M - +0 cloak
rCorr  +         Reflect  .     y - +0 pair of gloves
SustAt .         Harm     .     (no boots)
MR     +....                    h - amulet of regeneration
Stlth  ..........               X - ring of resist corrosion
                                z - +3 ring of dexterity

@: berserking (expiring), lethally poisoned (2 -> -197), very quick, somewhat
resistant to hostile enchantments, extremely unstealthy
A: strong 1
a: Berserk, Trog's Hand, Brothers in Arms, Burn Spellbooks, Renounce Religion,
Evoke Invisibility


You were on level 14 of the Dungeon.
You worshipped Trog.
Trog was extremely pleased with you.
You were not hungry.

You visited 3 branches of the dungeon, and saw 22 of its levels.
You also visited: Ossuary and Volcano.

You collected 2368 gold pieces.
You spent 1784 gold pieces at shops.

Inventory:

Hand Weapons
 a - the +4 scimitar of Lakerit (weapon) {venom, +Inv Str-3 SInv Stlth+}
   (You bought it in a shop on level 5 of the Dungeon)

   It poisons the flesh of those it strikes.
   It affects your strength (-3).
   It lets you see invisible.
   It lets you turn invisible.
   It makes you more stealthy.
 b - a +0 blowgun
 E - a +9 quick blade
 T - a +3 scimitar of flaming
Missiles
 l - a throwing net
 r - 11 tomahawks (quivered)
 x - 2 needles of paralysis
 F - 51 poisoned needles
 G - 10 javelins of penetration
 W - a curare-tipped needle
Armour
 e - a +0 buckler (worn)
 y - a +0 pair of gloves (worn)
 D - a +0 shield
 H - a +0 hat of spirit shield (worn)
 M - a +0 cloak (worn)
 V - a +2 robe of resistance (worn)
Jewellery
 h - an amulet of regeneration (around neck)
 v - a +4 amulet of reflection
 z - a +3 ring of dexterity (left hand)
 X - a ring of resist corrosion (right hand)
 Y - an uncursed ring of protection from fire
Wands
 c - a wand of heal wounds (7/9)
 C - a wand of confusion (11/48)
 J - a wand of digging (5/24)
 K - a wand of acid (6/15)
 P - a wand of lightning (6/15)
Scrolls
 d - 3 scrolls of fog
 o - a scroll of summoning {unknown}
 p - a scroll of silence {!r}
 s - 3 scrolls of teleportation
 t - 8 scrolls of immolation {!r}
 u - 3 scrolls of remove curse
 w - 3 scrolls of blinking
 I - 9 scrolls of identify
 Q - 3 scrolls of magic mapping
 R - 4 scrolls of fear
 U - a scroll of enchant weapon
Potions
 f - 8 potions of curing
 g - 4 potions of flight
 i - a potion of invisibility
 j - 2 potions of haste
 m - 2 potions of agility
 q - 8 potions of lignification {!q}
 A - a potion of heal wounds
 B - a potion of might
 O - a potion of cancellation
Books
 n - a book of Spatial Translocations

   Spells                             Type                      Level
   a - Apportation                    Translocation                1
   b - Blink                          Translocation                2
   c - Shroud of Golubria             Charms/Translocation         2
   d - Portal Projectile              Translocation                3
   e - Teleport Other                 Translocation                3
   f - Passage of Golubria            Translocation                4
   Trog disapproves of the use of such an item.
Miscellaneous
 N - a phial of floods
Comestibles
 k - 10 bread rations
 L - 3 chunks of flesh
 S - a royal jelly


   Skills:
 + Level 9.9 Fighting
 * Level 15.7 Short Blades
 * Level 12.8 Throwing
 - Level 1.5 Armour
 + Level 10.8 Dodging
 + Level 10.7 Stealth
 + Level 6.1 Shields
 - Level 10.0 Evocations


You had 14 spell levels left.
You didn't know any spells.

Dungeon Overview and Level Annotations

Branches:
Dungeon (14/15)            Temple (0/1) D:4            Lair (6/6) D:8
  Swamp (0/4) Lair:3        Snake (0/4) Lair:3        Slime (0/5) Lair:6
    Orc (2/2) D:10            Elf (0/3) Orc:2        Vaults (0/5) D:14

Altars:
Cheibriados
Fedhas
Nemelex Xobeh
Okawaru
Pakellas
Qazlal
Ru
Sif Muna
Xom
Zin
Jiyva

Shops:
D:4 (=   D:5 (   D:8 :   D:12 *   Orc:2 %[?}

Portals:
Pandemonium: Orc:2


Innate Abilities, Weirdness & Mutations

Your muscles are strong. (Str +2)


Message History

* * * LOW HITPOINT WARNING * * *
You slash the green very ugly thing!
You kill the green very ugly thing!
Trog accepts your kill.
* * * LOW HITPOINT WARNING * * *
You feel extremely sick.
You are too berserk!
Unknown command.
You are too berserk!
* * * LOW HITPOINT WARNING * * *
You feel extremely sick.
You feel a strong urge to attack something.
* * * LOW HITPOINT WARNING * * *
You feel very sick.
You are too berserk!
You are too berserk!
You are too berserk!
Are you sure you want to abandon this character and quit the game? (Confirm with "yes".)
Okay, then.
Are you sure you want to abandon this character and quit the game? (Confirm with "yes".)

#.. #.. #.. #.. #.. #..
#.. #### #.. ##@.# #..
#.##†# #.. #.##)#
########.###...
#...............
#.............#.
#...........###
#.########### #########
#.##..###########........


There were no monsters in sight!

Vanquished Creatures
  Rupert (Lair:5)
  An orc warlord (Orc:2)
  A very ugly thing (D:14)
  An ogre mage (Volcano)
  A vault guard (D:14)
  7 hydras
  2 centaur warriors
  Erica (D:8)
  9 orc high priests (Orc:2)
  A sun demon (Orc:2)
  Nergalle (D:10)
  A fire crab (shapeshifter) (D:13)
  A gelid demonspawn (Orc:2)
  6 orc knights
  A torturous demonspawn (Orc:2)
  A deep elf mage (D:13)
  3 wizards (D:14)
  Pikel (D:8)
  3 hill giants
  An oklob plant (Lair:4)
  A necromancer (D:14)
  3 griffons
  4 orc sorcerers (Orc:2)
  3 ugly things
  2 manticores (D:12)
  A cyclops (D:11)
  25 elephants
  Psyche (D:8)
  2 torpor snails
  A smoke demon (Orc:2)
  3 black mambas (Lair:6)
  An orange demon (Orc:2)
  15 spiny frogs
  A gargoyle (D:12)
  A rime drake (Lair:2)
  11 komodo dragons
  2 kobold demonologists
  A hellwing (Orc:2)
  3 meliai (D:13)
  8 trolls
  6 two-headed ogres
  Prince Ribbit (D:7)
  A merfolk (D:9)
  5 polar bears
  The ghost of p0werm0de the Chopper, an amateur DsCK of Xom (Ossuary)
  23 blink frogs
  6 slime creatures
  A centaur simulacrum (D:14)
  A redback (Lair:6)
  A boulder beetle (Lair:6)
  17 spriggans
  A vampire (D:14)
  A wyvern (D:10)
  40 yaks
  17 humans (D:14)
  A basilisk (Lair:6)
  2 hungry ghosts
  3 fire bats (Orc:1)
  2 vampire mosquitoes (D:14)
  11 hippogriffs
  A mottled dragon (D:12)
  4 swamp worms (Lair:2)
  18 water moccasins
  6 wargs
  2 hell hounds
  9 porcupines
  3 ice beasts
  A phantom (D:4)
  32 orc warriors
  5 black bears
  4 sky beasts
  3 slaves (D:8)
  11 ogres
  2 boggarts (Lair:6)
  7 centaurs
  5 wasps (Lair:6)
  16 wolves
  14 crocodiles
  A big kobold (D:8)
  18 giant frogs
  A gnoll sergeant (D:7)
  A wyvern skeleton (D:11)
  6 scorpions
  5 killer bees (D:11)
  9 wights
  2 electric eels (D:12)
  9 howler monkeys
  4 crimson imps
  2 giant frog zombies
  3 jellies
  5 centaur zombies
  A centaur skeleton (D:5)
  2 quasits
  40 orc priests
  5 hounds
  21 orc wizards
  Terence (D:2)
  8 worker ants
  9 iguanas
  6 hell rats
  Natasha (thrice) (D:2)
  22 sheep
  A big kobold zombie (Ossuary)
  A hound zombie (D:8)
  4 mummies (Ossuary)
  A worker ant zombie (D:11)
  9 gnolls
  16 adders
  A howler monkey skeleton (D:7)
  55 river rats
  2 shadow imps
  2 oozes
  3 adder skeletons
  An adder zombie (D:9)
  15 worms
  5 dart slugs
  5 giant geckos
  66 orcs
  8 giant cockroaches
  A gnoll zombie (Ossuary)
  9 goblins
  5 hobgoblins
  3 jackals (D:1)
  22 kobolds
  6 quokkas
  3 ball pythons
  12 bats
  2 giant gecko skeletons (D:5)
  5 giant newts
  3 hobgoblin zombies (Ossuary)
  A jackal skeleton (D:9)
  A kobold zombie (Ossuary)
  A quokka zombie (D:6)
  9 rats
  2 fungi
  A plant (Lair:5)
882 creatures vanquished.

Vanquished Creatures (collateral kills)
  Gastronok (D:11)
  A vault guard (D:14)
  A gelid demonspawn (Orc:2)
  5 elephants
  A human (D:14)
  5 swamp worms (Lair:2)
  2 orc warriors (Orc:1)
  An orc priest (Orc:1)
  3 orcs (Orc:1)
20 creatures vanquished.

Vanquished Creatures (others)
  A crocodile (D:13)
  A wight (D:13)
  2 orcs (D:10)
  41 fungi
  7 plants
52 creatures vanquished.

Grand Total: 954 creatures vanquished

Notes
Turn   | Place    | Note
-------+----------+-------------------------------------------
     0 | D:1      | mopl the Deep Elf Berserker began the quest for the Orb.
     0 | D:1      | Reached XP level 1. HP: 13/13 MP: 3/3
    66 | D:1      | Reached skill level 1 in Stealth
   254 | D:1      | Reached XP level 2. HP: 17/18 MP: 4/4
   276 | D:1      | Reached skill level 1 in Throwing
   651 | D:1      | Reached XP level 3. HP: 22/22 MP: 5/5
   717 | D:1      | Reached ** piety under Trog
  1565 | D:2      | Reached skill level 4 in Short Blades
  1565 | D:2      | Reached XP level 4. HP: 24/27 MP: 6/6
  2095 | D:2      | Noticed Terence
  2104 | D:2      | Killed Terence
  2193 | D:2      | Reached skill level 2 in Throwing
  2227 | D:2      | Noticed Natasha
  2243 | D:2      | Killed Natasha
  2243 | D:2      | Reached skill level 3 in Fighting
  2243 | D:2      | Reached XP level 5. HP: 31/32 MP: 7/7
  2281 | D:2      | Noticed Natasha
  2285 | D:2      | Killed Natasha
  2368 | D:2      | Noticed Natasha
  2374 | D:2      | Killed Natasha
  2693 | D:3      | Reached *** piety under Trog
  3195 | D:4      | Reached skill level 5 in Short Blades
  3253 | D:4      | Found Iskywasu's Weapon Shop.
  3255 | D:4      | Found a staircase to the Ecumenical Temple.
  3379 | D:4      | Found Tuenuu's Jewellery Boutique.
  3436 | D:4      | Bought a cursed amulet of inaccuracy for 26 gold pieces
  3659 | D:4      | Reached XP level 6. HP: 37/37 MP: 8/8
  3792 | D:4      | Reached skill level 3 in Throwing
  4025 | D:4      | Found a sacrificial altar of Ru.
  4182 | D:4      | Reached skill level 6 in Short Blades
  4221 | D:5      | Entered Level 5 of the Dungeon
  4335 | D:5      | Reached XP level 7. HP: 42/42 MP: 9/9
  4557 | D:5      | Reached **** piety under Trog
  4606 | D:5      | Found Zeegag's Antique Weapon Shop.
  4716 | D:5      | Received a gift from Trog
  5286 | D:5      | Bought a scorched scimitar for 225 gold pieces
  5286 | D:5      | Identified the +4 scimitar of Lakerit {venom, +Inv Str-3 SInv Stlth+} (You bought it in a shop on level 5 of the Dungeon)
  5422 | D:6      | Got a transparent war axe
  5501 | D:6      | Found a sand-covered staircase.
  5511 | Ossuary  | Entered an ossuary
  5514 | Ossuary  | Noticed p0werm0de's ghost (amateur DsCK)
  5526 | Ossuary  | Killed p0werm0de's ghost
  5526 | Ossuary  | Reached skill level 4 in Fighting
  5526 | Ossuary  | Reached skill level 7 in Short Blades
  5526 | Ossuary  | Reached skill level 2 in Evocations
  6042 | Ossuary  | Reached XP level 8. HP: 43/48 MP: 10/12
  6063 | D:6      | Gained mutation: Your muscles are strong. (Str +2) [potion of beneficial mutation]
  6133 | D:6      | Reached skill level 3 in Evocations
  6197 | D:6      | Found an oddly glowing altar of Pakellas.
  6197 | D:6      | Found a deep blue altar of Sif Muna.
  6199 | D:6      | Found an iron altar of Okawaru.
  6199 | D:6      | Found a shimmering altar of Xom.
  6336 | D:6      | Reached skill level 8 in Short Blades
  6336 | D:6      | Reached skill level 4 in Evocations
  6580 | D:7      | Noticed Prince Ribbit
  6652 | D:7      | Killed Prince Ribbit
  6729 | D:7      | Reached skill level 5 in Evocations
  6919 | D:7      | Reached skill level 5 in Fighting
  6964 | D:7      | Reached XP level 9. HP: 21/54 MP: 15/15
  7354 | D:7      | Reached skill level 9 in Short Blades
  7364 | D:7      | Got a shimmering scimitar
  7365 | D:7      | Identified the +6 scimitar of Lyistrave {slice, rElec rPois} (You found it on level 7 of the Dungeon)
  8112 | D:8      | Noticed Pikel
  8184 | D:8      | Noticed Erica
  8259 | D:8      | Killed Erica
  8259 | D:8      | Reached skill level 6 in Evocations
  8439 | D:8      | Found a blossoming altar of Fedhas.
  8482 | D:8      | Found Raiss's Book Boutique.
  8492 | D:8      | Found a stormy altar of Qazlal.
  8497 | D:8      | Noticed a kobold demonologist
  8525 | D:8      | Reached skill level 7 in Evocations
  8765 | D:8      | Killed Pikel
  8765 | D:8      | Reached skill level 10 in Short Blades
  8801 | D:8      | Found a snail-covered altar of Cheibriados.
  8819 | D:8      | Noticed an angel
  8820 | D:8      | Found a glowing silver altar of Zin.
  8932 | D:8      | Reached skill level 8 in Evocations
  8934 | D:8      | Reached XP level 10. HP: 38/60 MP: 15/18
  8939 | D:8      | Noticed Psyche
  8948 | D:8      | Killed Psyche
  8948 | D:8      | Reached skill level 6 in Fighting
  9065 | D:8      | Found a staircase to the Lair.
  9558 | Lair:1   | Entered Level 1 of the Lair of Beasts
  9890 | Lair:1   | Identified the +7 war axe of Defence {speed, Int+4} (You found it on level 6 of the Dungeon)
 10061 | D:9      | Reached skill level 4 in Throwing
 10061 | D:9      | Reached skill level 9 in Evocations
 10178 | D:9      | Noticed a centaur warrior
 10312 | D:9      | Killed a centaur warrior
 10312 | D:9      | Reached skill level 11 in Short Blades
 10756 | D:9      | Reached ***** piety under Trog
 11217 | D:9      | Reached skill level 10 in Evocations
 11220 | D:9      | Received a gift from Trog
 11276 | D:9      | Reached XP level 11. HP: 57/66 MP: 20/20
 11565 | D:10     | Entered Level 10 of the Dungeon
 11565 | D:10     | Noticed Nergalle
 11617 | D:10     | Killed Nergalle
 11617 | D:10     | Reached skill level 5 in Throwing
 11617 | D:10     | Reached skill level 2 in Stealth
 11755 | D:10     | Reached skill level 3 in Dodging
 11994 | D:10     | Found an iron altar of Okawaru.
 12163 | D:10     | Found a staircase to the Orcish Mines.
 12274 | D:10     | Reached skill level 3 in Stealth
 12675 | D:10     | Reached skill level 7 in Fighting
 13610 | D:11     | Reached skill level 6 in Throwing
 13616 | D:11     | Noticed Gastronok
 13632 | D:11     | Noticed a green ugly thing
 13633 | D:11     | Reached skill level 4 in Dodging
 13812 | D:10     | Killed a green ugly thing
 13812 | D:10     | Reached skill level 4 in Stealth
 13968 | D:11     | Killed Gastronok
 13968 | D:11     | Received a gift from Trog
 13968 | D:11     | Reached skill level 12 in Short Blades
 14459 | D:11     | Reached skill level 5 in Dodging
 14714 | D:11     | Reached skill level 7 in Throwing
 14936 | Orc:1    | Entered Level 1 of the Orcish Mines
 14982 | Orc:1    | Found a dark tunnel.
 14992 | Orc:1    | Received a gift from Trog
 15039 | Volcano  | Entered a volcano
 15070 | Volcano  | Noticed a hill giant
 15078 | Volcano  | Killed a hill giant
 15078 | Volcano  | Reached skill level 5 in Stealth
 15133 | Volcano  | Noticed a hill giant
 15220 | Volcano  | Reached XP level 12. HP: 72/72 MP: 19/21
 15358 | Volcano  | Noticed an ogre mage
 15389 | Volcano  | Killed an ogre mage
 15946 | Orc:1    | Reached skill level 8 in Throwing
 16152 | Orc:2    | Entered Level 2 of the Orcish Mines
 16286 | Orc:2    | Found a staircase to the Elven Halls.
 16453 | Orc:2    | Found Zafaoq's Food Boutique.
 16762 | Orc:2    | Reached skill level 6 in Dodging
 16762 | Orc:2    | Reached skill level 6 in Stealth
 17355 | Orc:1    | Received a gift from Trog
 17877 | Orc:2    | Reached skill level 1 in Shields
 18492 | Orc:2    | Found Meafikh's Magic Scroll Shop.
 18559 | Orc:2    | Noticed an orc warlord
 19088 | Orc:2    | Reached skill level 13 in Short Blades
 19204 | Orc:2    | Bought a scroll of fear for 52 gold pieces
 19204 | Orc:2    | Bought a scroll of enchant armour for 112 gold pieces
 19204 | Orc:2    | Bought a scroll of identify for 30 gold pieces
 19204 | Orc:2    | Bought a scroll of random uselessness for 15 gold pieces
 19204 | Orc:2    | Bought a scroll of identify for 30 gold pieces
 19204 | Orc:2    | Bought a scroll of teleportation for 45 gold pieces
 19204 | Orc:2    | Bought a scroll of magic mapping for 52 gold pieces
 19204 | Orc:2    | Bought a scroll of identify for 30 gold pieces
 19576 | Orc:2    | Noticed an orc high priest
 19617 | Orc:2    | HP: 3/73 [sun demon (6)]
 19796 | Orc:2    | Reached skill level 9 in Throwing
 20176 | Orc:2    | Reached skill level 8 in Fighting
 20176 | Orc:2    | Reached skill level 7 in Stealth
 20190 | Orc:2    | Noticed an orc high priest
 20191 | Orc:2    | Noticed an orc high priest
 20213 | Orc:2    | Killed an orc high priest
 20260 | Orc:2    | Noticed an orc high priest
 20401 | Orc:2    | Killed an orc warlord
 20401 | Orc:2    | Reached skill level 7 in Dodging
 20493 | Orc:2    | Reached skill level 2 in Shields
 20516 | Orc:2    | Reached XP level 13. HP: 58/78 MP: 9/22
 22423 | Orc:2    | Bought a bread ration for 50 gold pieces
 22423 | Orc:2    | Bought a bread ration for 50 gold pieces
 22423 | Orc:2    | Bought a bread ration for 50 gold pieces
 22423 | Orc:2    | Bought a bread ration for 50 gold pieces
 22653 | Orc:2    | Reached skill level 8 in Stealth
 22654 | Orc:2    | Reached skill level 10 in Throwing
 22654 | Orc:2    | Reached skill level 3 in Shields
 22918 | Orc:2    | Found Iferoul's Gadget Shoppe.
 22918 | Orc:2    | Found Idghourch's Antique Armour Emporium.
 22918 | Orc:2    | Found a one-way gate leading to the halls of Pandemonium.
 22922 | Orc:2    | Bought a fine ring mail for 279 gold pieces
 22932 | Orc:2    | Identified the cursed +1 ring mail of the Carpenter {rN+ Int+4} (You bought it in a shop on level 2 of the Orcish Mines)
 23459 | Lair:1   | Reached skill level 8 in Dodging
 24792 | Lair:2   | Reached skill level 14 in Short Blades
 25560 | Lair:2   | Received a gift from Trog
 26323 | Lair:2   | Received a gift from Trog
 26453 | Lair:3   | Found a staircase to the Swamp.
 27046 | Lair:3   | Found a staircase to the Snake Pit.
 27100 | Lair:3   | Reached XP level 14. HP: 47/84 MP: 13/23
 27240 | Lair:3   | Reached skill level 9 in Stealth
 27547 | Lair:3   | Reached skill level 4 in Shields
 28593 | Lair:4   | Received a gift from Trog
 28731 | Lair:4   | Reached skill level 11 in Throwing
 29431 | Lair:4   | Received a gift from Trog
 29613 | Lair:4   | Reached skill level 9 in Fighting
 29623 | Lair:4   | Reached skill level 9 in Dodging
 30322 | Lair:5   | Noticed Rupert
 30979 | Lair:5   | Received a gift from Trog
 31133 | Lair:5   | Killed Rupert
 31656 | Lair:5   | Received a gift from Trog
 31901 | Lair:5   | Got a crude leather armour
 31913 | Lair:5   | Identified the cursed +1 leather armour "Zeceamm" {rPois} (You found it on level 5 of the Lair of Beasts)
 32163 | Lair:6   | Entered Level 6 of the Lair of Beasts
 32168 | Lair:6   | Reached skill level 15 in Short Blades
 32274 | Lair:6   | Reached skill level 10 in Stealth
 32299 | Lair:6   | Reached skill level 5 in Shields
 32358 | Lair:6   | Found a staircase to the Slime Pits.
 32358 | Lair:6   | Found a viscous altar of Jiyva.
 32834 | Lair:6   | Received a gift from Trog
 33254 | Lair:5   | Reached XP level 15. HP: 61/91 MP: 16/24
 33780 | Lair:6   | Received a gift from Trog
 33785 | Lair:6   | Reached skill level 12 in Throwing
 33895 | Lair:6   | Got a twisted leather armour
 33906 | Lair:6   | Identified the +0 leather armour "Fyerigax" {rElec rC- Regen+ Dex+3} (You found it on level 6 of the Lair of Beasts)
 33928 | Lair:6   | Reached skill level 10 in Dodging
 34046 | Lair:6   | Got a polished scimitar
 34047 | Lair:6   | Identified the +1 scimitar of the Common Good {freeze, rElec} (You found it on level 6 of the Lair of Beasts)
 35015 | Orc:2    | Bought a wand of heal wounds (7/9) for 660 gold pieces
 35170 | D:12     | Found Tuotsefo's Assorted Antiques.
 35181 | D:12     | Bought a scroll labeled JON AHACIHYNA for 28 gold pieces
 36004 | D:13     | Reached ****** piety under Trog
 37160 | D:14     | Received a gift from Trog
 37248 | D:14     | Reached skill level 6 in Shields
 37377 | D:14     | Found a gate to the Vaults.
 37599 | D:14     | Found a sparkling altar of Nemelex Xobeh.
 37788 | D:14     | HP: 2/138 [poisoned by a green very ugly thing]
 37789 | D:14     | Quit the game

Vault maps used:
D:1:      lightli_molten_gateway, roderic_lattice_a, minmay_heptomino_d4
D:2:      uniq_terence, uniq_natasha
D:3:      first_bread, hex_medium
D:4:      hangedman_ru_absence, serial_shops, shop, nicolae_shop_stone,
          serial_park_tiny_2
D:5:      serial_shops, shop
D:6:      grunt_temple_overflow_open, nicolae_ossuary_entry_plus,
          minmay_stone_trees_small
D:7:      uniq_prince_ribbit1
D:8:      zin_angel, slow_altar_2, kennysheep_mini_moat, minmay_lair_entry_lava,
          serial_shops, shop, basic_altar, uniq_erica, uniq_psyche, uniq_pikel
D:9:      hangedman_fish_farm
D:10:     hiddenorc2_lemuel, okawaru_ov_weapons_minmay, uniq_nergalle
D:11:     small_statue_alley_a, uniq_gastronok
D:12:     serial_shops, shop
D:13:     eino_tiny_chamber, grunt_ministairs_7
D:14:     minmay_wavy_crystal, grunt_vaults_entry_tiered,
          nemelex_xobeh_ov_fountains_minmay, serial_shops, kennysheep_mini
Lair:1:   columned_hall_lemuel, infiniplex_staircase_pool
Lair:2:   worms_lemuel, grunt_megastairs_1
Lair:3:   swamp_mist, minmay_snake_entry_six_corridors, serial_bayou_shore_b
Lair:4:   st_stairs_10, grunt_forest_large_clearing_hut, grunt_megastairs_5,
          lemuel_fruit_fields
Lair:5:   beast_lair_carwin_2, uniq_rupert
Lair:6:   minmay_lair_end_enchanted_forest, slime_altar_1, serial_bayou_pond_a,
          infiniplex_staircase_pool_2
Orc:1:    nicolae_volcano_entry_batcave
Orc:2:    pf_orc_diabolical
Ossuary:  ossuary_crypta
Volcano:  volcano_pools

Skill      XL: |  1  2  3  4  5  6  7  8  9 10 11 12 13 14 15 |
---------------+----------------------------------------------+-----
Stealth        | 1 5 7 8 10 | 10.7
Throwing       | 1 2 3 4 7 9 10 11 12 | 12.8
Short Blades   | 4 5 6 7 8 10 11 12 13 14 15 | 15.7
Fighting       | 3 4 5 6 7 8 9 |  9.9
Evocations     | 2 5 8 10 | 10.0
Dodging        | 5 7 8 9 10 | 10.8
Shields        | 2 3 5 6 |  6.1
Armour         | |  1.5

Action                   |  1- 3 |  4- 6 |  7- 9 | 10-12 | 13-15 || total
-------------------------+-------+-------+-------+-------+-------++-------
Melee: Short sword       |   155 |   197 |    47 |       |       ||   399
       Scimitar          |       |       |   295 |   947 |  2149 ||  3391
       Quick blade       |       |       |       |     1 |    20 ||    21
 Fire: Blowgun           |       |       |       |     1 |   139 ||   140
Throw: Tomahawk          |       |       |       |     8 |    42 ||    50
Invok: Berserk           |     4 |    16 |     8 |    25 |    17 ||    70
       Trog's Hand       |       |     1 |     1 |     4 |     5 ||    11
       Burn Spellbooks   |       |       |     1 |       |       ||     1
       Brothers in Arms  |       |       |       |     4 |     8 ||    12
 Abil: Evoke Invisibilit |       |       |    10 |    32 |    35 ||    77
Evoke: Wand              |       |       |     1 |     2 |     1 ||     4
  Use: Scroll            |       |     4 |    12 |     9 |    12 ||    37
       Potion            |       |       |     3 |     4 |     5 ||    12
 Stab: Sleeping          |     5 |     5 |    12 |    26 |    59 ||   107
       Distracted        |       |       |     2 |     4 |     5 ||    11
       Invisible         |       |       |    23 |   100 |   167 ||   290
       Confused          |       |       |       |       |     4 ||     4
  Eat: Chunk             |     1 |    21 |    21 |    63 |    83 ||   189
       Bread ration      |     1 |     1 |       |     4 |     3 ||     9
       Fruit             |       |     2 |     4 |       |       ||     6
       Beef jerky        |       |       |     1 |     1 |     1 ||     3
       Pizza             |       |       |     1 |       |     1 ||     2
Armor: Animal skin       |    28 |       |       |       |       ||    28
       Ring mail         |       |    65 |    46 |       |       ||   111
       Robe              |       |       |     4 |    77 |   128 ||   209
Dodge: Dodged            |    98 |   107 |   145 |   471 |  1310 ||  2131
Block: Other             |       |     9 |    42 |   100 |    90 ||   241
       Reflection        |       |       |       |     3 |       ||     3
       Buckler           |       |       |       |       |   143 ||   143
